 Dungeon Crawl Stone Soup version 0.30-a0-1018-g25214051b3 (webtiles) character file.

Game seed: 11643080794875140555

403 cheesebisquit the Cudgeller (level 6, -3/53 HPs)
             Began as a Draconian Conjurer on Apr 7, 2023.
             Slain by a black bear (7 damage)
             ... on level 4 of the Dungeon.
             The game lasted 00:09:39 (4616 turns).

cheesebisquit the Cudgeller (Draconian Conjurer)    Turns: 4616, Time: 00:09:40

Health: -3/53      AC:  6    Str:  7 (9)  XL:     6   Next: 55%
Magic:  4/9        EV: 12    Int: 19 (20) God:
Gold:   188        SH:  0    Dex:  9 (10) Spells: 8/9 levels left

rFire   . . .      SeeInvis .    l - +0 great mace
rCold   . . .      Faith    .    (shield currently unavailable)
rNeg    . . .      Spirit   .    (body armour unavailable)
rPois   .          Reflect  .    (helmet restricted)
rElec   .          Rampage  .    (no cloak)
rCorr   .                        (no gloves)
Will    .....                    (no boots)
Stlth   ++                       (no amulet)
HPRegen 0.28/turn                j - ring of flight
MPRegen 0.11/turn                (no ring)

@: flying
A: AC +6, unfitting armour, cold-blooded
a: no special abilities


You were on level 4 of the Dungeon.
You visited 1 branch of the dungeon, and saw 4 of its levels.

You collected 188 gold pieces.

Inventory:

Hand Weapons
 b - a +0 short sword
 g - a +0 club
 l - a +0 great mace (weapon)
 o - a +0 war axe
Missiles
 f - 4 boomerangs
Jewellery
 j - a ring of flight (left hand)
 t - an amulet of faith
Wands
 m - a wand of mindburst (11)
 s - a wand of quicksilver (7)
Scrolls
 a - a scroll of amnesia {unknown}
 c - 4 scrolls of identify {unknown}
 e - a scroll of fog {unknown}
 i - a scroll of enchant weapon {unknown}
 r - 2 scrolls of noise {unknown}
Potions
 d - a potion of brilliance {unknown}
 h - a potion of resistance {unknown}
 k - a potion of curing {unknown}
 n - a potion of might {unknown}
 p - a potion of degeneration
 q - a potion of invisibility {unknown}


   Skills:
 + Level 4.4 Fighting
 * Level 5.1 Maces & Flails
 - Level 1.7 Dodging
 - Level 1.7 Stealth
 - Level 2.0 Spellcasting
 - Level 4.0 Conjurations


You had 8 spell levels left.
You knew the following spells:

 Your Spells              Type           Power      Damage    Failure   Level
a - Magic Dart            Conj           68%        1d6       3%          1

Your spell library contained the following spells:

 Spells                   Type           Power      Damage    Failure   Level
 Searing Ray              Conj           34%        2d5       4%          2
 Dazzling Flash           Conj/Hex       18%        N/A       22%         3
 Fulminant Prism          Conj/Hex       4%         3d5       58%         4
 Iskenderun's Mystic Bla  Conj/Tloc      9%         2d4       58%         4


Dungeon Overview and Level Annotations

Branches:
Dungeon (4/15)
 Temple: D:4-7

Altars:
Dithmenos
Fedhas
Trog
Wu Jian


Innate Abilities, Weirdness & Mutations

Your plain brown scales are hard. (AC +6)
You cannot fit into any form of body armour.
You are cold-blooded and may be slowed by cold attacks.


Message History

The black bear attacks as you move away!
The black bear bites you! The black bear claws you.
The black bear barely misses you. The black bear bites you.
The black bear closely misses you.
The black bear claws you but does no damage.
Okay, then.
The black bear attacks as you move away!
The black bear bites you!
* * * LOW HITPOINT WARNING * * *
The black bear claws you.
* * * LOW HITPOINT WARNING * * *
The black bear closely misses you.
The black bear rages.
The black bear bites you.
* * * LOW HITPOINT WARNING * * *
The black bear closely misses you.
The black bear claws you but does no damage.
The black bear barely misses you. x2; The black bear closely misses you.
The black bear attacks as you move away!
The black bear bites you but does no damage.
The black bear claws you but does no damage.
The black bear barely misses you.
The black bear rages.
The black bear bites you but does no damage.
The black bear closely misses you.
The black bear claws you but does no damage.
The black bear bites you.
* * * LOW HITPOINT WARNING * * *
The black bear claws you but does no damage.
The black bear barely misses you.
The black bear attacks as you move away!
The black bear barely misses you. The black bear claws you.
* * * LOW HITPOINT WARNING * * *
The black bear barely misses you.
The black bear rages.
It was a potion of degeneration.
There was something very wrong with that liquid.
You feel weakened.
You feel dopey.
You feel clumsy. The black bear bites you!
You die...

# #...........♣♣♣..P♣.......##.
#............♣P...♣.......##.
#............♣PPP.........##.
#............#♣♣♣.♣.......##.
#............#..#.........##.
#..).........##.#.........##.
###...†........##.#.........##.
........♣♣♣♣♣♣♣♣♣.####...#####.
..##..........h@...# #...#####.
♣.♣#♣.♣..♣♣♣♣♣♣♣♣♣.####...#.....
............)... #....#...#.....
......♣......... #....#...#.....
..............## #........#.....
......♣.......# #........#.....
..............# #....###.......
......♣.......# #....#####'####
..............# #.............#


You could see a black bear (berserk).

Vanquished Creatures
  An ogre (D:4)
  A bullfrog (D:4)
  A scorpion (D:4)
  A hound (D:4)
  An orc priest (D:4)
  7 adders
  A worm (D:4)
  2 dart slugs (D:3)
  4 orcs
  4 bats
  4 endoplasms
  5 giant cockroaches
  8 goblins
  7 hobgoblins
  A jackal (D:4)
  4 kobolds
  3 quokkas
  6 ball pythons
  3 frilled lizards
  3 rats
67 creatures vanquished.

Notes
Turn   | Place    | Note
-------+----------+-------------------------------------------
     0 | D:1      | cheesebisquit the Draconian Conjurer began the quest for
                  | the Orb.
     0 | D:1      | Reached XP level 1. HP: 14/14 MP: 3/3
   168 | D:1      | Found a faded altar of an unknown god.
   172 | D:1      | Reached skill level 1 in Fighting
   439 | D:1      | Reached XP level 2. HP: 24/24 MP: 1/5
   623 | D:2      | Reached skill level 1 in Maces & Flails
   875 | D:2      | Reached XP level 3. HP: 30/30 MP: 0/6
  1105 | D:2      | Reached skill level 2 in Maces & Flails
  1204 | D:2      | Found a bloodstained altar of Trog.
  1527 | D:2      | Reached XP level 4. HP: 37/37 MP: 1/7
  2217 | D:3      | Found a shadowy altar of Dithmenos.
  2293 | D:3      | Reached skill level 3 in Maces & Flails
  2861 | D:3      | Found a bloodstained altar of Trog.
  2861 | D:3      | Found a blossoming altar of Fedhas.
  3047 | D:4      | Reached XP level 5. HP: 39/45 MP: 1/8
  3181 | D:4      | Reached skill level 4 in Maces & Flails
  3907 | D:4      | Noticed an ogre
  3988 | D:4      | Killed an ogre
  3989 | D:4      | Reached XP level 6. HP: 24/52 MP: 2/9
  4235 | D:4      | Reached skill level 5 in Maces & Flails
  4374 | D:4      | Found an ornate altar of the Wu Jian Council.
  4616 | D:4      | Slain by a black bear

Illustrated notes

Levels and vault maps discovered:
D:1:      dpeg_arrival_orchard, layout_rooms,
          hellmonk_ecumenical_altar_lost_god, glass_columns_a
D:2:      layout_loops_cross, basic_altar
D:3:      layout_basic, nicolae_overflow_crystal_walls,
          gammafunk_temple_overflow_statue
D:4:      layout_basic, nzn_wu_jian_council_hall, serial_forest,
          infiniplex_forest_lined_room_, infiniplex_forest_straight_1,
          infiniplex_forest_straight_3, infiniplex_forest_lined_room_3,
          infiniplex_forest_end_3, infiniplex_forest_diagonal,
          infiniplex_forest_clump_diagonal, grunt_decor_cap, minmay_bisected

Skill      XL: |  1  2  3  4  5  6 |
---------------+-------------------+-----
Fighting       | 1 2 3 4 |  4.4
Maces & Flails | 1 2 3 4 5 |  5.1
Dodging        | |  1.7
Stealth        | |  1.7
Spellcasting   | |  2.0
Conjurations   | |  4.0

Action                     |  1- 3 |  4- 6 || total
---------------------------+-------+-------++-------
  Melee: Great mace        |     3 |    27 ||    30
         Tailslap          |     1 |     1 ||     2
   Cast: Magic Dart        |    53 |   139 ||   192
    Use: Potion            |       |     2 ||     2
 Armour: Skin              |     5 |    25 ||    30
  Dodge: Dodged            |    13 |    61 ||    74

Table legend: (Time is in decaauts)
 A = Elapsed time spent in this place.
 B = Non-inter-level travel time spent in this place.
 C = Inter-level travel time spent in this place.
 D = Time resting spent in this place.
 E = Time spent auto-exploring this place.
 F = Levels seen in this place.
 G = Mean time per level.
                   A        B        C        D        E       F      G
               +--------+--------+--------+--------+--------+-----+--------+
         Total |   4629 |   4484 |    145 |    268 |   3717 |   4 | 1157.2 |
       Dungeon |   4629 |   4484 |    145 |    268 |   3717 |   4 | 1157.2 |
               +--------+--------+--------+--------+--------+-----+--------+

Top non-repeatable levels by time:
     D:4: 1558 daAuts
     D:3: 1259 daAuts
     D:2: 1091 daAuts
     D:1: 720 daAuts
